 Dungeon Crawl Stone Soup version 0.27.1-2-g3b301248ec (webtiles) character file.

Game seed: 14501352439686292794

27085 DoubleLucky the Zephyrmancer (level 13, -15/83 HPs)
             Began as a Tengu Summoner on Oct 1, 2021.
             Was a High Priest of Vehumet.
             Demolished by a phantasmal warrior (32 damage)
             ... led by a death knight
             ... on level 13 of the Dungeon on Oct 2, 2021.
             The game lasted 02:53:03 (31408 turns).

DoubleLucky the Zephyrmancer (Tengu Summoner)      Turns: 31408, Time: 02:53:03

Health: -15/83     AC:  5    Str: 12    XL:     13   Next: 30%
Magic:  19/27      EV: 14    Int: 15    God:    Vehumet [*****.]
Gold:   115        SH:  5    Dex: 20    Spells: 8/31 levels left

rFire    + . .     SeeInvis +   t - +3 halberd
rCold    . . .     Faith    .   (shield currently unavailable)
rNeg     + . .     Spirit   .   z - +0 troll leather armour
rPois    .         Reflect  +   (helmet restricted)
rElec    .         Harm     .   (no cloak)
rCorr    .         Rampage  .   L - +0 pair of gloves
Will     +....                  (boots unavailable)
Stlth    ++........             b - amulet of reflection
HPRegen  1.23/turn              v - ring "Fainwemp" {rF+ rN+ Will+ Dex+3}
MPRegen  0.20/turn              r - ring of see invisible

@: about to teleport, flying quickly and evasively, quick
A: beak, talons 3, nimble flight
a: Renounce Religion


You were on level 13 of the Dungeon.
You worshipped Vehumet.
Vehumet was extremely pleased with you.
You visited 4 branches of the dungeon, and saw 20 of its levels.
You also visited: Ossuary.

You collected 1067 gold pieces.
You spent 952 gold pieces at shops.

Inventory:

Hand Weapons
 t - a +3 halberd (weapon)
 H - a +4 spear
Missiles
 o - 82 poisoned darts (quivered)
Armour
 c - a +0 buckler
 g - a +0 robe of fire resistance
 z - a +0 troll leather armour (worn)
 D - the +0 chain mail of Resonance {rF+ Dex+5}
   (You found it on level 8 of the Dungeon)

   Dex:       It affects your dexterity (+5).
   rF:        It protects you from fire.
 L - a +0 pair of gloves (worn)
Jewellery
 b - an amulet of reflection (around neck)
 n - an amulet of regeneration
 r - a ring of see invisible (right hand)
 v - the ring "Fainwemp" (left hand) {rF+ rN+ Will+ Dex+3}
   (You bought it in a shop on level 1 of the Dungeon)

   [ring of positive energy]

   Dex:       It affects your dexterity (+3).
   rF:        It protects you from fire.
   rN:        It protects you from negative energy.
   Will:      It increases your willpower.
 y - a ring of magical power
 J - a ring of fire
 M - a ring of willpower
Wands
 i - a wand of flame (36)
 l - a wand of iceblast (8)
 C - a wand of digging (5)
 I - a wand of acid (5)
Scrolls
 a - a scroll of silence {unknown}
 d - 2 scrolls of enchant armour
 e - 4 scrolls of immolation
 f - 2 scrolls of fog
 h - 3 scrolls of holy word
 k - 12 scrolls of teleportation
 s - 3 scrolls of amnesia
 x - 3 scrolls of brand weapon
 A - 4 scrolls of enchant weapon
 E - 2 scrolls of magic mapping
 F - 2 scrolls of vulnerability {unknown}
Potions
 j - 2 potions of brilliance {unknown}
 m - a potion of magic {unknown}
 q - a potion of lignification {unknown}
 u - 2 potions of cancellation {unknown}
 w - 3 potions of curing
 B - a potion of attraction {unknown}
 G - a potion of might {unknown}
Miscellaneous
 p - a lightning rod (4/4)
 K - a phial of floods


   Skills:
 + Level 10.3 Fighting
 - Level 10.0 Polearms
 + Level 4.3 Armour
 - Level 2.1 Dodging
 - Level 2.0 Stealth
 + Level 9.9 Spellcasting
 + Level 11.0 Summonings
 + Level 11.1 Air Magic
 - Level 6.0 Poison Magic


You had 8 spell levels left.
You knew the following spells:

 Your Spells              Type           Power      Damage    Failure   Level
a - Summon Small Mammal   Summ           100%       N/A       1%          1
b - Call Imp              Summ           40%        N/A       1%          2
c - Call Canine Familiar  Summ           40%        N/A       1%          3
d - Summon Guardian Gole  Hex/Summ       24%        N/A       3%          3
e - Summon Lightning Spi  Summ/Air       40%        N/A       1%          4
f - Poisonous Vapours     Pois/Air       66%        N/A       1%          2
g - Ignite Poison         Fire/Tmut/Pois 13%        N/A       4%          3
h - Lightning Bolt        Conj/Air       12%        1d25      10%         5

Your spell library contained the following spells:

 Spells                   Type           Power      Damage    Failure   Level
 Airstrike                Air            20%        N/A       1%          4
 Spider Form              Tmut/Pois      8%         N/A       11%         3
 Apportation              Tloc           14%        N/A       13%         1
 Beastly Appendage        Tmut           14%        N/A       13%         1
 Corona                   Hex            7%         N/A       13%         1
 Ensorcelled Hibernation  Hex/Ice        14%        N/A       19%         2
 Slow                     Hex            7%         N/A       19%         2
 Sublimation of Blood     Necr           3%         N/A       19%         2
 Wereblood                Tmut           7%         N/A       19%         2
 Confusing Touch          Hex            7%         N/A       36%         3
 Gell's Gravitas          Tloc           3%         N/A       36%         3
 Ozocubu's Armour         Ice            7%         N/A       36%         3
 Portal Projectile        Hex/Tloc       14%        N/A       36%         3
 Teleport Other           Tloc           7%         N/A       36%         3
 Tukima's Dance           Hex            7%         N/A       36%         3
 Vampiric Draining        Necr           3%         2d6       36%         3
 Bolt of Magma            Conj/Fire/Erth 3%         4d5       63%         5
 Fireball                 Conj/Fire      3%         3d4       63%         5
 Irradiate                Conj/Tmut      3%         3d15      63%         5
 Alistair's Intoxication  Tmut/Pois      10%        N/A       71%         5
 Leda's Liquefaction      Hex/Erth       3%         N/A       77%         4
 Petrify                  Tmut/Erth      7%         N/A       77%         4
 Metabolic Englaciation   Hex/Ice        3%         N/A       98%         5
 Starburst                Conj/Fire      3%         6d3       98%         6
 Dispersal                Tloc           3%         N/A       100%        6
 Invisibility             Hex            3%         N/A       100%        6
 Simulacrum               Ice/Necr       3%         N/A       100%        6
 Statue Form              Tmut/Erth      4%         N/A       100%        6
 Ignition                 Fire           3%         3d4       100%        8
 Shatter                  Erth           3%         3d7*      100%        9


Dungeon Overview and Level Annotations

Branches:
Dungeon (13/15)            Temple (1/1) D:4            Lair (5/6) D:9
  Swamp (0/4) Lair:2       Spider (0/4) Lair:4        Slime (0/5) Lair:5
    Orc (1/2) D:10        Ossuary (visited)
 Vaults: D:13-14

Altars:
Ashenzari
Cheibriados
Dithmenos
Elyvilon
Fedhas
Gozag
Hepliaklqana
Kikubaaqudgha
Makhleb
Nemelex Xobeh
Okawaru
Qazlal
Ru
Sif Muna
Trog
Uskayaw
Vehumet
Wu Jian
Xom
Yredelemnul
Zin
The Shining One
Beogh
Jiyva

Shops:
D:1 =   D:4 ?*   D:6 =

Annotations:
D:10 3 runed translucent doors, brob1's ghost, journeyman DjFE
Lair:1 exclusion: oklob plant


Innate Abilities, Weirdness & Mutations

You have a beak for a mouth.
You have claws for feet.
Your magical nature lets you fly swiftly and evasively.


Message History

Your crimson imp hits the wraith but does no damage.
The wraith hits your crimson imp!
Your crimson imp dies!
You swap places.
Your white imp gestures at the wraith.
The puff of frost hits the wraith but does no damage.
Casting: Call Imp (safe; 1% risk of failure)
Confirm with . or Enter, or press ? or * to list all spells.
A beastly little devil appears in a puff of flame.
Your white imp gestures at the wraith.
The puff of frost hits the phantasmal warrior.
The phantasmal warrior resists.
The phantasmal warrior hits your white imp!!
Your white imp dies!
The death knight's dark mirror aura disappears.
Your white imp gestures at the wraith.
The puff of frost hits the phantasmal warrior.
The phantasmal warrior resists.
You swap places.
The phantasmal warrior blinks!
You barely miss the phantasmal warrior.
You peck the phantasmal warrior, but do no damage.
The phantasmal warrior is lightly damaged.
The vampire casts a spell.
The vampire flickers and vanishes for a moment.
The phantasmal warrior hits you!!
You slash the phantasmal warrior!
You peck the phantasmal warrior, but do no damage.
The phantasmal warrior is moderately damaged.
The phantasmal warrior hits you!!
You barely miss the phantasmal warrior.
The phantasmal warrior is moderately damaged.
The phantasmal warrior hits you!!
* * * LOW HITPOINT WARNING * * *
You feel better.
The death knight hits your white imp with a +3 great sword!
Your white imp dies!
The phantasmal warrior closely misses you.
As you read the scroll of teleportation, it crumbles to dust.
You feel strangely unstable. The phantasmal warrior hits you!!
You die...

. ...
############.....
#..W@5p.Vz.z.....
#.##########Wz...
#.#### ... #....#
. ####.# #.#
#.#####
###.######.#...#
#
...>.........###
#


You could see a death knight, 2 skeletal warriors, a phantasmal warrior (ally
target), a vampire (invisible) and a friendly crimson imp (summoned).

Vanquished Creatures
  A centaur warrior (D:13)
  A two-headed ogre (D:9)
  A shadow wraith (D:13)
  A lindwurm (D:13)
  An orc knight (D:10)
  An ugly thing (D:10)
  An orb spider (Lair:4)
  A centaur zombie (D:10)
  A black mamba (Lair:3)
  A cane toad (Lair:5)
  A troll (Orc:1)
  A polar bear (Lair:3)
  2 slime creatures (D:12)
  4 blink frogs
  A wyvern (Lair:3)
  A shadow (D:10)
  A vampire (D:10)
  A basilisk (Lair:3)
  9 yaks
  2 vampire mosquitoes (D:12)
  7 water moccasins
  3 orc warriors
  A necrophage (D:8)
  A centaur (D:10)
  4 wolves
  6 bullfrogs
  A scorpion (D:6)
  A wyvern zombie (D:8)
  A killer bee (D:11)
  2 wights (D:8)
  A howler monkey (D:10)
  A centaur skeleton (D:5)
  A bullfrog skeleton (D:5)
  A hound (D:5)
  Terence (D:3)
  An iguana (D:5)
  2 orc wizards
  2 hell rats (Lair:4)
  2 spriggan simulacra (Orc:1)
  A wolf simulacrum (Orc:1)
  A mummy (Ossuary)
  Robin (D:2)
  3 gnolls
  A naga simulacrum (Orc:1)
  2 adders
  2 ufetubi
  An adder zombie (D:5)
  A worm (D:2)
  15 orcs
  4 endoplasms
  3 giant cockroaches
  4 goblins
  6 hobgoblins
  10 kobolds
  2 quokkas
  4 ball pythons
  2 bats (D:1)
  A frilled lizard (D:1)
  A goblin zombie (Ossuary)
  A jackal zombie (Ossuary)
  A butterfly (Lair:1)
139 creatures vanquished.

Vanquished Creatures (collateral kills)
  An ettin (Orc:1)
  3 hydras
  2 two-headed ogres (D:10)
  3 death yaks
  A harpy (shapeshifter) (D:13)
  A mana viper (shapeshifter) (D:13)
  3 ugly things (D:10)
  A black mamba (Lair:2)
  3 rime drakes
  5 cane toads
  5 komodo dragons
  2 trolls (D:12)
  2 polar bears (Lair:3)
  6 dream sheep (Lair:5)
  13 blink frogs
  5 wyverns
  42 yaks
  A wraith (D:11)
  4 basilisks (Lair:4)
  4 vampire mosquitoes (Lair:2)
  Menkaure (D:4)
  2 sky beasts
  8 water moccasins
  7 orc warriors
  3 black bears
  An ogre (D:5)
  7 wolves
  2 necrophages
  3 centaurs
  A phantom (D:4)
  15 bullfrogs
  4 kobold brigands
  2 two-headed ogre simulacra (Orc:1)
  A wyvern zombie (D:6)
  A scorpion (D:7)
  A wight (D:8)
  2 killer bees (D:11)
  2 howler monkeys (D:10)
  2 human zombies (Ossuary)
  2 hounds
  A centaur skeleton (D:7)
  A jelly (D:7)
  11 orc priests
  Jessica (D:2)
  A bullfrog skeleton (D:6)
  An iguana (D:6)
  5 orc wizards
  3 hell rats (Lair:4)
  A spriggan simulacrum (Orc:1)
  3 mummies (Ossuary)
  6 gnolls
  4 adders
  A shadow imp (D:7)
  A white imp (D:6)
  3 ufetubi
  5 worms
  2 dart slugs
  42 orcs
  7 ball pythons
  A bat (D:1)
  2 endoplasms (D:3)
  A giant cockroach (D:1)
  5 hobgoblins
  2 jackals (D:5)
  18 kobolds
  5 quokkas
  5 goblins
  A goblin zombie (Ossuary)
  A hobgoblin zombie (Ossuary)
  3 jackal zombies (Ossuary)
  A kobold zombie (Ossuary)
  An orc zombie (Ossuary)
  3 rats
  A rat zombie (Ossuary)
323 creatures vanquished.

Vanquished Creatures (others)
  2 ugly things (D:10)
  A cane toad (Lair:1)
  8 yaks
  A kobold (D:6)
  37 fungi
  49 plants
98 creatures vanquished.

Grand Total: 560 creatures vanquished

Notes
Turn   | Place    | Note
-------+----------+-------------------------------------------
     0 | D:1      | DoubleLucky the Tengu Summoner began the quest for the Orb.
     0 | D:1      | Reached XP level 1. HP: 10/10 MP: 4/4
   171 | D:1      | Reached skill level 5 in Summonings
   212 | D:1      | Reached XP level 2. HP: 15/15 MP: 3/6
   256 | D:1      | Learned a level 2 spell: Call Imp
   511 | D:1      | Found Dualeeddej's Jewellery Emporium.
  1348 | D:2      | Reached XP level 3. HP: 20/20 MP: 1/7
  1416 | D:2      | Noticed Robin
  1742 | D:2      | Learned a level 3 spell: Call Canine Familiar
  1955 | D:2      | Reached skill level 1 in Polearms
  2138 | D:2      | Killed Robin
  2139 | D:2      | Reached skill level 1 in Fighting
  2579 | D:2      | Noticed Jessica
  2586 | D:2      | Killed Jessica
  2587 | D:2      | Reached XP level 4. HP: 25/25 MP: 5/9
  2616 | D:2      | Found a faded altar of an unknown god.
  3370 | D:3      | Found a sacrificial altar of Ru.
  3415 | D:3      | Noticed Terence
  3493 | D:3      | Killed Terence
  3789 | D:3      | Gained mutation: Your magical nature lets you fly swiftly
                  | and evasively. [Tengu growth]
  3789 | D:3      | Reached XP level 5. HP: 30/30 MP: 1/10
  4398 | D:4      | Found a staircase to the Ecumenical Temple.
  4419 | Temple   | Entered the Ecumenical Temple
  4591 | Temple   | Became a worshipper of Vehumet
  4623 | D:4      | Noticed a phantom
  4746 | D:4      | Killed a phantom
  4747 | D:4      | Reached skill level 1 in Air Magic
  4834 | D:4      | Found a sand-covered staircase.
  4886 | Ossuary  | Entered an ossuary
  4938 | Ossuary  | Reached XP level 6. HP: 35/35 MP: 1/11
  5270 | D:4      | Learned a level 3 spell: Summon Guardian Golem
  5383 | D:4      | Noticed Menkaure
  5450 | D:4      | Killed Menkaure
  5635 | D:4      | Found Rajeud's Magic Scroll Shoppe.
  5764 | D:4      | Found a glowing silver altar of Zin.
  5786 | D:4      | Found Gechyen's General Store.
  5792 | D:4      | Bought a scroll of identify for 24 gold pieces
  5948 | D:5      | Entered Level 5 of the Dungeon
  5996 | D:5      | Reached * piety under Vehumet
  5996 | D:5      | Offered knowledge of Shock by Vehumet.
  6116 | D:5      | Noticed a black bear
  6127 | D:5      | Killed a black bear
  6128 | D:5      | Reached XP level 7. HP: 40/40 MP: 6/13
  6422 | D:5      | Learned a level 4 spell: Summon Lightning Spire
  7616 | D:6      | Offered knowledge of Poisonous Vapours by Vehumet.
  7617 | D:6      | Reached XP level 8. HP: 34/47 MP: 10/15
  7770 | D:6      | Learned a level 2 spell: Poisonous Vapours
  7782 | D:6      | Reached ** piety under Vehumet
  8353 | D:4      | Bought a scroll of blinking for 97 gold pieces
  8353 | D:4      | Bought a scroll of identify for 26 gold pieces
  8353 | D:4      | Bought a scroll of identify for 26 gold pieces
  8568 | D:6      | Found Vothruhel's Jewellery Shop.
 10166 | D:7      | Found an opulent altar of Gozag.
 10906 | D:8      | Reached skill level 5 in Air Magic
 10948 | D:8      | Reached skill level 5 in Polearms
 11117 | D:8      | Identified the +0 chain mail of Resonance {rF+ Dex+5}
 11140 | D:8      | Offered knowledge of Conjure Flame by Vehumet.
 11271 | D:8      | Reached skill level 5 in Spellcasting
 11336 | D:8      | Reached XP level 9. HP: 46/53 MP: 17/17
 11416 | D:8      | Found a shimmering altar of Xom.
 11422 | D:8      | Found a hazy altar of Hepliaklqana.
 11424 | D:8      | Found a stormy altar of Qazlal.
 11425 | D:8      | Found an ancient bone altar of Kikubaaqudgha.
 11426 | D:8      | Found a basalt altar of Yredelemnul.
 11427 | D:8      | Found an ornate altar of the Wu Jian Council.
 12079 | D:9      | Found an iron altar of Okawaru.
 12099 | D:9      | Reached skill level 5 in Fighting
 12174 | D:9      | Found a hide-covered altar of Uskayaw.
 12238 | D:9      | Noticed a death yak
 12565 | D:9      | Noticed a death yak
 12565 | D:9      | Noticed a death yak
 13040 | D:8      | Killed a death yak
 13254 | D:9      | Killed a death yak
 13839 | D:9      | Killed a death yak
 13840 | D:9      | Reached XP level 10. HP: 32/60 MP: 5/20
 14042 | D:9      | Found a shimmering blue altar of Sif Muna.
 14221 | D:9      | Found a staircase to the Lair.
 14456 | D:9      | Noticed a two-headed ogre
 14486 | D:9      | Killed a two-headed ogre
 14631 | D:10     | Entered Level 10 of the Dungeon
 14654 | D:9      | Reached *** piety under Vehumet
 15034 | D:10     | Noticed a purple ugly thing
 15035 | D:10     | Noticed a white ugly thing
 15077 | D:10     | Noticed a purple ugly thing
 15078 | D:10     | Noticed a green ugly thing
 15081 | D:10     | Noticed a brown ugly thing
 15107 | Lair:1   | Entered Level 1 of the Lair of Beasts
 16005 | Lair:1   | Reached skill level 10 in Summonings
 16140 | Lair:1   | Noticed an oklob plant
 16323 | Lair:1   | Offered knowledge of Ignite Poison by Vehumet.
 16813 | Lair:1   | Noticed a cane toad
 16838 | Lair:1   | Killed a cane toad
 16839 | Lair:1   | Reached skill level 1 in Poison Magic
 17386 | Lair:1   | You are sucked into a shaft and drop 1 floor!
 17401 | Lair:2   | Noticed a black mamba
 17858 | Lair:1   | Reached XP level 11. HP: 67/67 MP: 19/23
 18373 | Lair:2   | Learned a level 3 spell: Ignite Poison
 18762 | Lair:2   | Found a staircase to the Swamp.
 19842 | Lair:2   | Reached **** piety under Vehumet
 22140 | Lair:4   | Offered knowledge of Frozen Ramparts by Vehumet.
 23532 | Lair:4   | Reached XP level 12. HP: 75/75 MP: 18/25
 23885 | Lair:4   | Reached skill level 5 in Poison Magic
 24232 | Lair:4   | Found a hole to the Spider Nest.
 24624 | Lair:5   | Noticed a four-headed hydra
 24643 | Lair:5   | Killed a four-headed hydra
 24644 | Lair:5   | Reached skill level 10 in Polearms
 24768 | Lair:4   | Reached ***** piety under Vehumet
 24768 | Lair:4   | Offered knowledge of Lightning Bolt by Vehumet.
 24996 | Lair:5   | Noticed a five-headed hydra
 25021 | Lair:5   | Killed a five-headed hydra
 25728 | Lair:5   | Learned a level 5 spell: Lightning Bolt
 25943 | Lair:5   | Found a staircase to the Slime Pits.
 25943 | Lair:5   | Found a viscous altar of Jiyva.
 26883 | D:1      | Bought the ring "Fainwemp" {rF+ rN+ Will+ Dex+3} for 504
                  | gold pieces
 27065 | D:10     | Found a runed translucent gate.
 27067 | D:10     | Found a runed translucent gate.
 27068 | D:10     | Found a runed translucent gate.
 27073 | D:10     | Noticed brob1's ghost (journeyman DjFE)
 27106 | D:10     | Found a white marble altar of Elyvilon.
 27117 | D:10     | Noticed a two-headed ogre
 27145 | D:10     | Killed a two-headed ogre
 27255 | D:10     | Noticed a two-headed ogre
 27269 | D:10     | Killed a two-headed ogre
 27270 | D:10     | Reached skill level 10 in Air Magic
 27288 | D:10     | Reached skill level 1 in Armour
 27905 | D:10     | Found a staircase to the Orcish Mines.
 28541 | D:11     | Got the Handbook of Earth
 29572 | D:6      | Bought a ring of willpower for 275 gold pieces
 29706 | Orc:1    | Entered Level 1 of the Orcish Mines
 29721 | Orc:1    | Reached skill level 10 in Fighting
 29721 | Orc:1    | Reached XP level 13. HP: 76/82 MP: 27/27
 29741 | Orc:1    | Noticed an ettin
 29744 | Orc:1    | Offered knowledge of Airstrike by Vehumet.
 29775 | Orc:1    | HP: 4/82 [spriggan simulacrum (17)]
 29787 | Orc:1    | Killed an ettin
 29866 | Orc:1    | Noticed an orc warlord
 31408 | D:13     | Demolished by a phantasmal warrior

Illustrated notes

Levels and vault maps discovered:
D:1:      heliophobic_arrival_ceremonial_halls, layout_loops_ring, serial_shops,
          nicolae_shop_statue_plus
D:2:      layout_basic, serial_corexii_hall, corexii_hall_statues_u,
          corexii_hall_statues_u, corexii_hall_statues_deadend,
          corexii_hall_statues_l, ebering_ecumenical_altar_mist, uniq_robin,
          uniq_jessica
D:3:      layout_basic, mainiacjoe_overflow_cross_hatched, minivault_26,
          serial_bayou_crossing, uniq_terence
D:4:      layout_loops_ring, zin_statuary, minmay_temple_entry_arrows,
          nicolae_ossuary_entry_false_entrances, serial_shops,
          nicolae_shop_stone, nicolae_take_the_stairs, uniq_menkaure
D:5:      black_bear_nest_1, layout_cave_pools, grunt_decor_fettered,
          serial_bayou_ford_a, hangedman_decor_opposing
D:6:      layout_loops_ring, serial_shops, nicolae_shop_behind_doors
D:7:      layout_layer_cave, lemuel_doored_altar
D:8:      layout_loops_ring, minitemple, hangedman_decor_push
D:9:      layout_basic, mainiacjoe_overflow_tiny_flanked,
          nicolae_uskayaw_dance_hall, lemuel_round_altar, dpeg_lair_monsters
D:10:     cheibrodos_breeding_chamber, layout_irregular_city,
          mainiacjoe_overflow_alcove_2, david_orc_5, biasface_ghost_orc_armoury
D:11:     layout_long_grid
D:12:     layout_basic
D:13:     layout_rooms, david_vaults_4, grunt_qazlal_clouds
Temple:   pf_slime_end_temple
Lair:1:   layout_small_grid, lemuel_fruit_fields, grunt_megastairs_4,
          lemuel_fruit_fields, minmay_lair_oklob_chamber
Lair:2:   layout_long_grid, minmay_swamp_entry_swarm, enter_volcano_1,
          gauntlet_entry_generic
Lair:3:   layout_cellular_growth, cheibrodos_lair_lostbears
Lair:4:   layout_hall_layers, nicolae_spider_entry_orb_guardian
Lair:5:   layout_regular_city, slime_altar_1
Orc:1:    layout_caves, portal_ice_cave_entry_ice_simulacra,
          trog_butcher_becter, uniq_nergalle

Skill      XL: |  1  2  3  4  5  6  7  8  9 10 11 12 13 |
---------------+----------------------------------------+-----
Summonings     | 5 6 7 9 10 11 | 11.0
Polearms       | 1 2 3 4 5 6 8 9 10 | 10.0
Fighting       | 1 2 3 4 6 7 8 10 | 10.3
Spellcasting   | 3 4 5 6 7 8 9 |  9.9
Air Magic      | 1 2 3 5 6 8 10 11 | 11.1
Poison Magic   | 1 4 6 |  6.0
Armour         | 3 4 |  4.3
Dodging        | |  2.1
Stealth        | |  2.0

Action                   |  1- 3 |  4- 6 |  7- 9 | 10-12 | 13-15 || total
-------------------------+-------+-------+-------+-------+-------++-------
Melee: Spear             |    64 |    80 |   118 |   228 |       ||   490
       Unarmed           |     2 |       |       |       |       ||     2
       Kick              |     5 |     6 |    22 |    47 |    12 ||    92
       Peck              |     6 |     8 |    11 |    35 |    11 ||    71
       Trident           |       |       |    73 |       |       ||    73
       Halberd           |       |       |       |    44 |    47 ||    91
Throw: Dart              |       |       |    12 |     3 |       ||    15
 Cast: Summon Small Mamm |    16 |     8 |    22 |    28 |       ||    74
       Call Imp          |    17 |    39 |   120 |   128 |    29 ||   333
       Call Canine Famil |     2 |    22 |    97 |   117 |    22 ||   260
       Summon Lightning  |       |       |    23 |   130 |    16 ||   169
       Summon Guardian G |       |       |     2 |    20 |       ||    22
       Poisonous Vapours |       |       |       |    33 |       ||    33
  Use: Scroll            |       |     4 |     7 |    13 |     2 ||    26
       Potion            |       |       |     1 |     5 |     2 ||     8
 Stab: Sleeping          |     3 |     4 |       |     1 |       ||     8
       Distracted        |     1 |     4 |     4 |    12 |     4 ||    25
Armor: Robe              |     3 |     6 |     6 |    25 |     1 ||    41
       Troll leather arm |       |       |       |       |     1 ||     1
Dodge: Dodged            |    27 |    42 |    82 |   199 |    20 ||   370
Block: Other             |    10 |    21 |    24 |    69 |    10 ||   134
       Reflection        |     3 |     1 |     2 |     4 |     2 ||    12
